AoeStats
← John Hawkwood

Arabia

508148303Analyzed
1v1 RM · 12d ago on Sep 21, 2026· 21m 59s· 2 players
Game mode
Random Map
Map size
Tiny (2 player)
Population
200
Speed
Normal
Resources
Standard
Victory
Conquest
Starting age
Dark Age
Ending age
Imperial Age
RankedLock teamsTeams togetherTeam positionsShared explorationLock speedFull tech treeHidden civsTurbo modeCheats
Victory
Defeat
🇺🇸 Mongols · United States
999
+17
🇨🇳 Turks · China
1027
-17
John Hawkwood
9:22 Feudal Age
9:22 Loom
13:52 Double-Bit Axe
15:17 Horse Collar
19:29 Castle Age
19:33 Fletching
008
9:58 Feudal Age
9:59 Man-at-Arms
Connection lost

Rejoining the realm…

Still unreachable

The connection could not be restored.

Session expired

The server has moved on; the page needs a fresh start.